 Dungeon Crawl Stone Soup version 0.32-a0-558-g233958a4c4 (webtiles) character file.

Game seed: 4635606402189934291

151 tilp the Sneak (level 5, -5/38 HPs)
             Began as a Vampire Enchanter on Feb 29, 2024.
             Killed by divine providence
             ... invoked by an orc priest
              (16 damage)
             ... on level 4 of the Dungeon.
             The game lasted 00:04:46 (3331 turns).

tilp the Sneak (Vampire Enchanter)                  Turns: 3331, Time: 00:04:47

Health: -5/38      AC:  4    Str: 13    XL:     5   Next: 11%
Magic:  3/8        EV: 13    Int: 19    God:
Gold:   233        SH:  0    Dex: 15    Spells: 1/9 levels left

rFire   . . .        a - +1 dagger
rCold   . . .        (no shield)
rNeg    + . .        i - +2 robe {rN+}
rPois   .            (no helmet)
rElec   .            (no cloak)
rCorr   .            (no gloves)
SInv    +            (no boots)
Will    .....        (no amulet)
Stlth   +++          d - +6 ring of strength
HPRegen 0.46/turn    (no ring)
MPRegen 0.11/turn

%: no passive effects
@: healing quickly
A: alive, fangs 3, see invisible, vampiric 2
a: Exsanguinate, Convert to Beogh


You were on level 4 of the Dungeon.
You visited 1 branch of the dungeon, and saw 4 of its levels.

You collected 233 gold pieces.

Inventory:

Hand Weapons
 a - a +1 dagger (weapon)
 b - a +0 long sword
Missiles
 h - 2 atropa-tipped darts (quivered)
 q - 2 curare-tipped darts {!f}
Armour
 i - a +2 robe of positive energy (worn)
Jewellery
 d - a +6 ring of strength (left hand)
Scrolls
 e - 2 scrolls of teleportation
 p - a scroll of blinking
Potions
 c - a potion of invisibility
 f - a potion of cancellation {unknown}
 k - a potion of lignification {unknown}
 l - a potion of might {unknown}
 m - 2 potions of attraction
 n - 2 potions of ambrosia
 o - 2 potions of haste {unknown}
 r - a potion of enlightenment {unknown}


   Skills:
 * Level 1.8 Fighting
 * Level 2.7 Short Blades
 + Level 2.9 Dodging
 + Level 5.0 Stealth
 + Level 2.5 Spellcasting
 + Level 4.8 Hexes
 + Level 1.1 Ice Magic


You had one spell level left.
You knew the following spells:

 Your Spells              Type           Power      Damage    Failure   Level
a - Ensorcelled Hibernat  Hex/Ice        26%        N/A       7%          2
b - Confusing Touch       Hex            20%        N/A       6%          3
c - Tukima's Dance        Hex            20%        N/A       6%          3

Your spell library contained the following spells:

 Spells                   Type           Power      Damage    Failure   Level
 Dazzling Flash           Conj/Hex       22%        N/A       19%         3


Dungeon Overview and Level Annotations

Branches:
Dungeon (4/15)
 Temple: D:4-7

Altars:
Fedhas
Hepliaklqana
Qazlal


Innate Abilities, Weirdness & Mutations

Your natural rate of healing is accelerated.
You have razor-sharp teeth.
You have supernaturally acute eyesight. (SInv)
You are afflicted with vampirism and can become a bat while bloodless.


Message History

You hit the orc wizard but do no damage.
You bite the orc wizard.
You kill the orc wizard!
Your Stealth skill increases to level 5!
You have reached level 5!
You feel agile.
You closely miss the orc. The orc hits you with a +0 mace.
You hit the orc.
The orc is lightly wounded.
The orc hits you with a +0 mace.
You hit the orc. Your bite misses the orc.
The orc is heavily wounded.
You hit the orc but do no damage.
The orc is heavily wounded.
The orc completely misses you.
The orc priest invokes the aid of Beogh against you.
Beogh smites you!
The orc priest shouts, "The Pantheon deserves no one's loyalty.
Let us show you the true path!" (press Y on the ability menu to convert to Beogh)
You hit the orc.
The orc is almost dead.
The orc completely misses you.
You hit the orc but do no damage.
The orc is almost dead.
The orc hits you with a +0 mace.
* * * LOW HITPOINT WARNING * * *
Unknown command.
You closely miss the orc.
The orc is almost dead.
The orc hits you with a +0 mace.
* * * LOW HITPOINT WARNING * * *
You hit the orc but do no damage. Your bite misses the orc.
The orc is almost dead.
The orc barely misses you.
You hit the orc but do no damage. Your bite misses the orc.
The orc is almost dead.
The orc barely misses you.
The orc priest mumbles some strange prayers to Beogh against you.
Beogh smites you!
You die...

#.. #.# ## ..##.# .
..#.# ##. ## #..#
#...## ###. #.####
##...#. .>. #....#
$...... #.## ##.##<#
.......#####.###..##.#
.....$oo@.......#.##.#
......o##########.##.#
......# #........##.#
...... #.#########.#
..... #.# ####. #.# #


You could see an orc priest and 2 orcs.

Vanquished Creatures
  Jessica (D:3)
  An orc wizard (D:4)
  3 adders (D:2)
  A ribbon worm (D:3)
  2 orcs
  4 endoplasms
  A giant cockroach (D:2)
  5 goblins
  12 hobgoblins
  3 jackals (D:3)
  6 quokkas
  8 ball pythons
  6 bats
  2 frilled lizards
  6 kobolds
  3 rats
64 creatures vanquished.

Notes
Turn   | Place    | Note
-------+----------+-------------------------------------------
     0 | D:1      | tilp the Vampire Enchanter began the quest for the Orb.
     0 | D:1      | Reached XP level 1. HP: 13/13 MP: 3/3
   266 | D:1      | Reached XP level 2. HP: 8/20 MP: 5/5
   269 | D:1      | Learned a level 2 spell: Ensorcelled Hibernation
   464 | D:1      | Reached skill level 1 in Fighting
   947 | D:1      | Found a faded altar of an unknown god.
  1177 | D:1      | Gained mutation: You are afflicted with vampirism and can
                  | become a bat while bloodless. [Vampire growth]
  1177 | D:1      | Reached XP level 3. HP: 26/26 MP: 6/6
  1181 | D:1      | Learned a level 3 spell: Confusing Touch
  2176 | D:2      | Reached XP level 4. HP: 32/32 MP: 7/7
  2557 | D:3      | Noticed Jessica
  2561 | D:3      | Killed Jessica
  2562 | D:3      | Reached skill level 1 in Ice Magic
  2718 | D:3      | Found a blossoming altar of Fedhas.
  2894 | D:3      | Learned a level 3 spell: Tukima's Dance
  2968 | D:3      | Found a hazy altar of Hepliaklqana.
  3003 | D:3      | Found a stormy altar of Qazlal.
  3323 | D:4      | Reached skill level 5 in Stealth
  3323 | D:4      | Reached XP level 5. HP: 32/38 MP: 2/8
  3331 | D:4      | Killed from afar by an orc priest

Illustrated notes

Levels and vault maps discovered:
D:1:      matt_arrival_los_fun, layout_basic, basic_ecumenical_altar,
          serial_forest, infiniplex_forest_lined_room_2,
          infiniplex_forest_straight_4, infiniplex_forest_end_1,
          infiniplex_forest_lined_2, minmay_vboxes
D:2:      layout_loops_corners
D:3:      layout_loops_ring, mainiacjoe_overflow_alcove_4,
          mainiacjoe_overflow_alcove_2, worldfamousw_hep_ancestral_shrine,
          uniq_jessica
D:4:      layout_loops_ring, kennysheep_mini, nicolae_dithmenos_shadow_blocks,
          mainiacjoe_overflow_paths, minmay_temple_entry_metal_lava

Skill      XL: |  1  2  3  4 |
---------------+-------------+-----
Fighting       | 1 |  1.8
Short Blades   | 2 |  2.7
Ice Magic      | 1 |  1.1
Stealth        | 5 |  5.0
Dodging        | |  2.9
Spellcasting   | |  2.5
Hexes          | |  4.8

Action                     |  1- 3 |  4- 6 || total
---------------------------+-------+-------++-------
  Melee: Dagger            |   107 |    73 ||   180
         Bite              |     6 |     9 ||    15
   Cast: Ensorcelled Hiber |     8 |     6 ||    14
         Confusing Touch   |       |     1 ||     1
    Use: Potion            |     1 |       ||     1
         Scroll            |     2 |     9 ||    11
   Stab: Sleeping          |    23 |     7 ||    30
         Invisible         |     1 |       ||     1
 Armour: Robe              |    47 |    32 ||    79
  Dodge: Dodged            |    73 |    42 ||   115

Table legend: (Time is in decaauts)
 A = Elapsed time spent in this place.
 B = Non-inter-level travel time spent in this place.
 C = Inter-level travel time spent in this place.
 D = Time resting spent in this place.
 E = Time spent auto-exploring this place.
 F = Levels seen in this place.
 G = Mean time per level.
                   A        B        C        D        E       F      G
               +--------+--------+--------+--------+--------+-----+--------+
         Total |   3314 |   3100 |    214 |     99 |   2461 |   4 |  828.5 |
       Dungeon |   3314 |   3100 |    214 |     99 |   2461 |   4 |  828.5 |
               +--------+--------+--------+--------+--------+-----+--------+

Top non-repeatable levels by time:
     D:1: 1476 daAuts
     D:2: 1110 daAuts
     D:3: 680 daAuts
     D:4: 47 daAuts
